 Seeded DCSS version 0.29-a0-559-g359e09b9d1 (webtiles) character file.

Game seed: 8572682691686822440 (custom seed)

12 happo123 the Vexing (level 2, 0/15 HPs)
             Began as a Vampire Enchanter on June 10, 2022.
             Slain by a kobold
             ... wielding a +0 whip
              (4 damage)
             ... on level 1 of the Dungeon.
             The game lasted 00:01:51 (510 turns).

happo123 the Vexing (Vampire Enchanter)              Turns: 510, Time: 00:01:52

Health: 0/15       AC:  3    Str:  7    XL:     2   Next: 20%
Magic:  1/5        EV: 12    Int: 17    God:
Gold:   10         SH:  0    Dex: 14    Spells: 3/5 levels left

rFire   . . .      SeeInvis +   a - +1 dagger
rCold   + + .      Faith    .   e - orb {guile}
rNeg    + + +      Spirit   .   b - +0 robe
rPois   ∞          Reflect  .   (no helmet)
rElec   .          Harm     .   (no cloak)
rCorr   .          Rampage  .   (no gloves)
Will    .....                   f - +0 pair of boots
Stlth   +++++.....              (no amulet)
HPRegen 0.00/turn               (no ring)
MPRegen 0.09/turn               (no ring)

@: very slightly contaminated, bloodless, inhibited regen
A: bloodless, fangs 3, see invisible, vampiric 1
a: Revivify


You were on level 1 of the Dungeon.
You visited 1 branch of the dungeon, and saw 1 of its levels.

You collected 10 gold pieces.

Inventory:

Hand Weapons
 a - a +1 dagger (weapon)
Armour
 b - a +0 robe (worn)
 e - an orb of guile (worn)
 f - a +0 pair of boots (worn)
Scrolls
 d - a scroll of fear {unknown}
 h - a scroll of magic mapping {unknown}
Potions
 c - 2 potions of invisibility
 g - a potion of curing {unknown}


   Skills:
 + Level 0.2 Fighting
 + Level 1.2 Short Blades
 + Level 2.3 Dodging
 * Level 4.7 Stealth
 + Level 2.0 Spellcasting
 * Level 4.7 Hexes
 + Level 0.1 Ice Magic


You had 3 spell levels left.
You knew the following spells:

 Your Spells              Type           Power      Damage    Failure   Level
a - Ensorcelled Hibernat  Hex/Ice        20%        N/A       11%         2

Your spell library contained the following spells:

 Spells                   Type           Power      Damage    Failure   Level
 Confusing Touch          Hex            17%        N/A       9%          3
 Tukima's Dance           Hex            17%        N/A       9%          3
 Dazzling Flash           Conj/Hex       18%        N/A       22%         3


Dungeon Overview and Level Annotations

Branches:
Dungeon (1/15)

Altars:


Innate Abilities, Weirdness & Mutations

You do not regenerate when monsters are visible.
You are frail without blood (-20% HP).
You can heal yourself when you bite living creatures.
You are immune to poison.
You have razor-sharp teeth.
You have supernaturally acute eyesight. (SInv)
You are afflicted with vampirism.


Message History

Found a club.
A kobold comes into view. It is wielding a +0 whip.
A kobold comes into view. It is wielding a +0 whip.
The kobold shouts! x2
The kobold throws a stone.
The stone hits you but does no damage.
You see here an amulet of regeneration.
Found a scroll labelled RYLU UTHROILIO.
A rat comes into view.
You hit the kobold.
The kobold is severely wounded.
The kobold hits you with a +0 whip.
The kobold throws a stone.
The stone hits you but does no damage.
Aiming: Ensorcelled Hibernation (safe; 11% risk of failure)
Press: ? - help, Q - select action Shift-Dir - straight line, f - kobold
Aim: a kobold, wielding a +0 whip (severely wounded, chance to affect: 61%)
You miscast Ensorcelled Hibernation.
You are very lightly contaminated with residual magic.
Nothing appears to happen.
The kobold misses you.
The kobold throws a stone.
The stone closely misses you.
You hit the kobold.
You kill the kobold!
Aiming: Ensorcelled Hibernation (safe; 11% risk of failure)
Press: ? - help, Q - select action Shift-Dir - straight line, f - kobold
Aim: a kobold, wielding a +0 whip and quivering stones (chance to affect: 62%)
The kobold resists with significant effort.
The kobold throws a stone.
The stone completely misses you.
You don't have enough magic to cast this spell.
The kobold misses you.
You barely miss the kobold. The kobold misses you.
You hit the kobold but do no damage. Your bite misses the kobold.
The rat bites you but does no damage. The kobold completely misses you.
You hit the kobold but do no damage. You barely miss the kobold.
The rat bites you. The kobold hits you with a +0 whip.
You hit the kobold. Your bite misses the kobold.
The kobold is moderately wounded.
The rat bites you.
* * * LOW HITPOINT WARNING * * *
The kobold hits you with a +0 whip.
You die...

#####. #.# ♣.≈≈≈≈.....
......###.# #.≈...≈.####
#........##..≈≈≈.≈.#...
.#........#.≈...≈...#.##
..........≈.≈≈.≈≈.≈≈#.##
..........##≈..#≈≈≈≈#.##
.......").≈≈.≈≈... #.##
##........≈≈..≈. #.#.
#....r@..≈≈.≈≈ #.#.
#.....K..#.≈.. #.#.
#........###.. #.#.
#........# .# #.#.
....####..# #... ###.
..# ###. # ?## #. .# ##


You could see a kobold and a rat.

Vanquished Creatures
  A dart slug (D:1)
  2 endoplasms (D:1)
  2 hobgoblins (D:1)
  A bat (D:1)
  A frilled lizard (D:1)
  2 kobolds (D:1)
  2 rats (D:1)
11 creatures vanquished.

Notes
Turn   | Place    | Note
-------+----------+-------------------------------------------
     0 | D:1      | happo123 the Vampire Enchanter began the quest for the Orb.
     0 | D:1      | Reached XP level 1. HP: 13/13 MP: 3/3
    50 | D:1      | Found a faded altar of an unknown god.
   295 | D:1      | Reached XP level 2. HP: 19/19 MP: 5/5
   298 | D:1      | Learned a level 2 spell: Ensorcelled Hibernation
   510 | D:1      | Slain by a kobold

Illustrated notes

Levels and vault maps discovered:
D:1:      ncdulo_lavacross, layout_basic, serial_rivers,
          chequers_serial_rivers_marsh, chequers_serial_rivers_micro_c,
          chequers_serial_rivers_large_a, chequers_serial_rivers_small_a,
          chequers_serial_rivers_micro_e, chequers_serial_rivers_room_b,
          ebering_ecumenical_altar_box, serial_bayou_ford_a

Action                   || total
-------------------------++-------
Melee: Dagger            ||    30
       Bite              ||     3
 Cast: Ensorcelled Hiber ||     1
 Abil: Exsanguinate      ||     1
 Stab: Sleeping          ||     4
Armor: Robe              ||     6
Dodge: Dodged            ||    22

Table legend: (Time is in decaauts)
 A = Elapsed time spent in this place.
 B = Non-inter-level travel time spent in this place.
 C = Inter-level travel time spent in this place.
 D = Time resting spent in this place.
 E = Time spent auto-exploring this place.
 F = Levels seen in this place.
 G = Mean time per level.
                   A        B        C        D        E       F      G
               +--------+--------+--------+--------+--------+-----+--------+
         Total |    529 |    493 |     36 |      0 |    386 |   1 |  529.0 |
       Dungeon |    529 |    493 |     36 |      0 |    386 |   1 |  529.0 |
               +--------+--------+--------+--------+--------+-----+--------+

Top non-repeatable levels by time:
     D:1: 529 daAuts
